 Dungeon Crawl Stone Soup version 0.31-a0-43-g46d131a48f (webtiles) character file.

Game seed: 11764201559333105083

3966 pk666 the Thaumaturge (level 10, -1/50 HPs)
             Began as a Deep Elf Fire Elementalist on May 20, 2023.
             Was a Follower of Vehumet.
             Killed from afar by Maggie (16 damage)
             ... with a bolt of fire
             ... on level 8 of the Dungeon.
             The game lasted 00:13:15 (8890 turns).

pk666 the Thaumaturge (Deep Elf Fire Elementalist)  Turns: 8890, Time: 00:13:15

Health: -1/50      AC:  7    Str:  5    XL:     10   Next: 2%
Magic:  3/25       EV: 16    Int: 25    God:    Vehumet [*.....]
Gold:   288        SH:  0    Dex: 15    Spells: 18/28 levels left

rFire   . . .        A - +3 dagger (venom)
rCold   . . .        (no shield)
rNeg    . . .        c - +5 robe of Awe {rCorr}
rPois   +            (no helmet)
rElec   .            (no cloak)
rCorr   +            (no gloves)
SInv    .            (no boots)
Will    +....        (no amulet)
Stlth   ++           C - ring of poison resistance
HPRegen 0.28/turn    l - ring of flight
MPRegen 0.19/turn

%: no passive effects
@: flying
A: no striking features
a: Renounce Religion


You were on level 8 of the Dungeon.
You worshipped Vehumet.
Vehumet was aware of your devotion.
You visited 2 branches of the dungeon, and saw 9 of its levels.
You also visited: Sewer.

You collected 288 gold pieces.

Inventory:

Hand Weapons
 A - a +3 dagger of venom (weapon)
Missiles
 a - a throwing net
Armour
 c - the +5 robe of Awe (worn) {rCorr}
   (You found it on level 4 of the Dungeon)

   rCorr:     It protects you from acid and corrosion.
Jewellery
 e - a +6 ring of strength
 l - a ring of flight (right hand)
 C - a ring of poison resistance (left hand)
Wands
 x - a wand of flame (10)
 B - a wand of roots (8)
 E - a wand of digging (6)
 G - a wand of mindburst (19)
Scrolls
 d - 2 scrolls of fear
 g - a scroll of magic mapping {unknown}
 h - 2 scrolls of amnesia {unknown}
 o - 2 scrolls of butterflies
 q - 4 scrolls of teleportation
 s - 6 scrolls of poison
 t - a scroll of immolation {unknown}
 w - 2 scrolls of fog {unknown}
 y - 3 scrolls of enchant armour {unknown}
 D - a scroll of enchant weapon {unknown}
 F - a scroll of brand weapon {unknown}
 H - a scroll of identify
Potions
 b - 4 potions of magic
 f - a potion of ambrosia {unknown}
 i - 9 potions of curing
 j - 2 potions of invisibility
 k - 2 potions of might
 m - 3 potions of heal wounds
 n - 2 potions of cancellation
 p - 2 potions of haste
 r - a potion of attraction {unknown}
 u - 3 potions of mutation {unknown}
 v - 2 potions of degeneration {unknown}
 z - a potion of lignification {unknown}


   Skills:
 + Level 9.0 Dodging
 - Level 2.4 Stealth
 + Level 9.9 Spellcasting
 + Level 7.9 Conjurations
 + Level 8.6 Fire Magic


You had 18 spell levels left.
You knew the following spells:

 Your Spells              Type           Power      Damage    Failure   Level
a - Foxfire               Conj/Fire      100%       2x1d9     1%          1
b - Scorch                Fire           100%       2d9       1%          2
c - Flame Wave            Conj/Fire      52%        2d13      1%          4
d - Mephitic Cloud        Conj/Pois/Air  25%        N/A       4%          3

Your spell library contained the following spells:

 Spells                   Type           Power      Damage    Failure   Level
 Shock                    Conj/Air       100%       1d9       1%          1
 Inner Flame              Hex/Fire       34%        N/A       2%          3
 Volatile Blastmotes      Fire/Tloc      68%        2d15      2%          3
 Beastly Appendage        Tmut           24%        N/A       4%          1
 Wereblood                Tmut           12%        N/A       8%          2
 Fulminant Prism          Conj/Hex       16%        3d11      10%         4
 Spider Form              Tmut/Pois      12%        N/A       16%         3
 Olgreb's Toxic Radiance  Pois           12%        N/A       45%         4


Dungeon Overview and Level Annotations

Branches:
Dungeon (8/15)             Temple (1/1) D:4           Sewer (visited)
   Lair: D:8-11

Altars:
Cheibriados
Dithmenos
Elyvilon
Fedhas
Gozag
Hepliaklqana
Kikubaaqudgha
Makhleb
Nemelex Xobeh
Okawaru
Qazlal
Ru
Sif Muna
Trog
Uskayaw
Vehumet
Wu Jian
Xom
Yredelemnul
The Shining One

Shops:
D:8 (?*

Annotations:
D:8 Maggie


Message History

The flame wave engulfs the killer bee!
You kill the killer bee!
Vehumet accepts your kill.
The flame wave engulfs the killer bee!!
You kill the killer bee!
Vehumet accepts your kill.
You feel your power returning.
The flame wave engulfs the bullfrog!
The bullfrog is almost dead.
You finish channelling waves of flame.
A sky beast comes into view.
An orc comes into view. It is wielding a +0 mace.
Gastronok wobbles crazily.
You have reached level 10!
Casting: Flame Wave (dangerous; 1% risk of failure)
Confirm with . or Enter, or press ? or * to list all spells.
Casting: Flame Wave (dangerous; 1% risk of failure)
Press: ? - help, Dir - look around, f - activate A wave of flame ripples out!
The flame wave engulfs Gastronok!
Gastronok is burned terribly!
Gastronok is almost dead.
The flame wave engulfs the bullfrog.
You kill the bullfrog!
Vehumet accepts your kill. (Press . to intensify the flame waves.)
A sky beast comes into view.
Maggie the Vainglorious comes into view.
She is wielding a +0 long sword of flaming and carrying a wand of roots (4).
A wave of flame ripples out!
The flame wave engulfs Gastronok!!
Gastronok is burned terribly!
Gastronok is almost dead.
You hear a howl!
Gastronok misses you.
A wave of flame ripples out!
The flame wave engulfs Gastronok!
Gastronok is burned terribly!
You kill Gastronok!
Vehumet accepts your kill.
You finish channelling waves of flame.
An orc comes into view. It is wielding a +0 hand axe.
Maggie points at you and mumbles some strange words.
The bolt of fire hits you!
You die...

o# . ... #
o#. #. .. ##
.##.# .## ..
...##....
###.#†......>
#....@[†.[...
#...!.###.#.#
#.......
#......##
.@......#
..Y...Y..
#####.##. #.
.


You could see Maggie, 2 sky beasts and 2 orcs.

Vanquished Creatures
  Gastronok (D:8)
  A two-headed ogre (D:5)
  A hornet (D:6)
  Prince Ribbit (D:5)
  5 yaks (D:7)
  A steam dragon (D:7)
  Duvessa (D:4)
  2 black bears
  An ice beast (D:7)
  4 sky beasts (D:7)
  A centaur (D:7)
  3 kobold brigands
  A gnoll sergeant (D:7)
  4 scorpions
  A bullfrog (D:8)
  Dowan (D:4)
  4 killer bees (D:8)
  3 hounds
  A gnoll bouda (D:5)
  Ijyb (D:5)
  A jelly (D:5)
  An orc priest (D:5)
  2 iguanas
  2 orc wizards
  9 gnolls
  5 adders
  A white imp (D:7)
  2 ufetubi
  2 worms (D:2)
  4 dart slugs
  9 orcs
  11 ball pythons
  6 endoplasms
  5 giant cockroaches
  6 goblins
  5 hobgoblins
  2 jackals (D:3)
  5 quokkas
  13 bats
  6 frilled lizards
  18 kobolds
  5 rats
158 creatures vanquished.

Vanquished Creatures (others)
  399 foxfires
399 creatures vanquished.

Grand Total: 557 creatures vanquished

Notes
Turn   | Place    | Note
-------+----------+-------------------------------------------
     0 | D:1      | pk666 the Deep Elf Fire Elementalist began the quest for
                  | the Orb.
     0 | D:1      | Reached XP level 1. HP: 10/10 MP: 6/6
   518 | D:1      | Reached XP level 2. HP: 15/15 MP: 6/8
   521 | D:1      | Learned a level 2 spell: Scorch
  1356 | D:2      | Reached XP level 3. HP: 19/19 MP: 5/10
  1784 | D:2      | Reached XP level 4. HP: 24/24 MP: 9/12
  2453 | D:2      | Found a faded altar of an unknown god.
  2939 | D:3      | Found a glowing drain.
  2960 | Sewer    | Entered a sewer
  3055 | Sewer    | Noticed a kobold brigand
  3055 | Sewer    | Noticed a kobold brigand
  3080 | Sewer    | Killed a kobold brigand
  3081 | Sewer    | Reached XP level 5. HP: 8/28 MP: 7/13
  3440 | Sewer    | Learned a level 4 spell: Flame Wave
  3549 | D:3      | Reached skill level 5 in Spellcasting
  3549 | D:3      | Reached XP level 6. HP: 32/32 MP: 6/15
  3662 | D:3      | Got Vilit's Compendium of the Dynamic Scorpion
  4283 | D:4      | Reached skill level 5 in Fire Magic
  4453 | D:4      | Found a staircase to the Ecumenical Temple.
  4468 | Temple   | Entered the Ecumenical Temple
  4548 | Temple   | Became a worshipper of Vehumet
  4592 | D:4      | Learned a level 3 spell: Mephitic Cloud
  4920 | D:4      | Noticed Duvessa
  4932 | D:4      | Noticed Dowan
  4969 | D:4      | Killed Duvessa
  4970 | D:4      | Reached skill level 5 in Dodging
  4970 | D:4      | Reached XP level 7. HP: 29/36 MP: 8/17
  5219 | D:4      | Killed Dowan
  5314 | D:4      | Identified the +5 robe of Awe {rCorr}
  5634 | D:5      | Entered Level 5 of the Dungeon
  5838 | D:5      | Noticed a two-headed ogre
  5847 | D:5      | Killed a two-headed ogre
  5848 | D:5      | Reached skill level 5 in Conjurations
  5848 | D:5      | Reached XP level 8. HP: 41/41 MP: 5/20
  6158 | D:5      | Noticed Ijyb
  6161 | D:5      | Killed Ijyb
  6457 | D:5      | Noticed Prince Ribbit
  6469 | D:5      | Killed Prince Ribbit
  6792 | D:6      | Noticed a hornet
  6797 | D:6      | Killed a hornet
  6885 | D:6      | Found a hazy altar of Hepliaklqana.
  6885 | D:6      | Found a shadowy altar of Dithmenos.
  6886 | D:6      | Found a shimmering altar of Xom.
  7019 | D:6      | Reached XP level 9. HP: 45/45 MP: 15/23
  7074 | D:6      | Found an ancient bone altar of Kikubaaqudgha.
  7700 | D:7      | Reached * piety under Vehumet
  7700 | D:7      | Offered knowledge of Shock by Vehumet.
  8861 | D:8      | Found Inaq's Antique Weapon Boutique.
  8861 | D:8      | Found Quse's Magic Scroll Boutique.
  8861 | D:8      | Found Beymnaac's General Store.
  8878 | D:8      | Noticed Gastronok
  8888 | D:8      | Reached XP level 10. HP: 14/50 MP: 8/25
  8888 | D:8      | Noticed Maggie
  8890 | D:8      | Killed Gastronok
  8890 | D:8      | Killed from afar by Maggie

Illustrated notes

Levels and vault maps discovered:
D:1:      nzn_arrival_crosshair, layout_basic, minmay_misc_feat_room
D:2:      layout_basic, hellmonk_ecumenical_altar_inner_sanctum
D:3:      layout_basic, cheibrodos_sewer_entry_sluice
D:4:      layout_basic, minmay_temple_entry_junction_2, uniq_duvessa
D:5:      layout_loops_cross, uniq_ijyb, uniq_prince_ribbit1
D:6:      layout_basic, mainiacjoe_overflow_alcove_4,
          chequers_temple_overflow_statue_of_worship, skrybe_limestone_x
D:7:      layout_gridville
D:8:      layout_loops_ring, nicolae_shop_distant_corner_stores, uniq_gastronok,
          uniq_pikel, uniq_maggie
Temple:   nicolae_temple_superstar

Skill      XL: |  1  2  3  4  5  6  7  8  9 |
---------------+----------------------------+-----
Dodging        | 3 4 5 6 7 9 |  9.0
Conjurations   | 2 3 4 5 6 7 |  7.9
Spellcasting   | 4 5 7 8 9 |  9.9
Fire Magic     | 4 5 6 7 8 |  8.6
Stealth        | |  2.4

Action                     |  1- 3 |  4- 6 |  7- 9 | 10-12 || total
---------------------------+-------+-------+-------+-------++-------
   Cast: Foxfire           |    72 |    97 |    81 |       ||   250
         Scorch            |     7 |    36 |    78 |       ||   121
         Mephitic Cloud    |       |       |     2 |       ||     2
         Flame Wave        |       |       |     8 |     1 ||     9
    Use: Potion            |       |     2 |       |       ||     2
         Scroll            |       |       |     8 |       ||     8
 Armour: Robe              |     2 |     5 |     6 |       ||    13
  Dodge: Dodged            |    19 |    26 |    20 |     1 ||    66

Table legend: (Time is in decaauts)
 A = Elapsed time spent in this place.
 B = Non-inter-level travel time spent in this place.
 C = Inter-level travel time spent in this place.
 D = Time resting spent in this place.
 E = Time spent auto-exploring this place.
 F = Levels seen in this place.
 G = Mean time per level.
                   A        B        C        D        E       F      G
               +--------+--------+--------+--------+--------+-----+--------+
         Total |   8924 |   8678 |    246 |   1106 |   6395 |  10 |  892.4 |
       Dungeon |   8206 |   7972 |    234 |   1017 |   5943 |   8 | 1025.8 |
        Temple |    118 |    106 |     12 |      0 |     84 |   1 |  118.0 |
         Sewer |    599 |    599 |      0 |     89 |    368 |   1 |  599.0 |
               +--------+--------+--------+--------+--------+-----+--------+

Top non-repeatable levels by time:
     D:1: 1345 daAuts
     D:2: 1327 daAuts
     D:4: 1269 daAuts
     D:5: 1242 daAuts
     D:7: 1192 daAuts
     D:3: 1006 daAuts
     D:6: 806 daAuts
   Sewer: 599 daAuts
  Temple: 118 daAuts
     D:8: 15 daAuts
